 Dungeon Crawl Stone Soup version 0.19-a0-713-g934ebc7 (webtiles) character file.

84 uglyjohn the Firebug (level 4, -1/27 HPs)
             Began as a High Elf Fire Elementalist on June 20, 2016.
             Slain by a phantom (10 damage)
             ... on level 3 of the Dungeon.
             The game lasted 00:06:37 (2641 turns).

uglyjohn the Firebug (High Elf Fire Elementalist)   Turns: 2641, Time: 00:06:37

Health: -1/27      AC:  2    Str:  7    XL:     4   Next: 23%
Magic:  0/8        EV: 13    Int: 19    God:
Gold:   85         SH:  0    Dex: 16    Spells: 2 memorised, 4 levels left

rFire  . . .     SeeInvis .     h - +0 short sword (drain)
rCold  . . .     Gourm    .     a - +0 robe
rNeg   + . .     Faith    .     (no shield)
rPois  .         Spirit   .     (no helmet)
rElec  .         Dismiss  .     (no cloak)
rCorr  .         Reflect  .     (no gloves)
SustAt .         Harm     .     (no boots)
MR     .....                    (no amulet)
Stlth  +++.......               q - ring of stealth
                                d - ring of positive energy

@: not resistant to hostile enchantments, fairly stealthy
A: no striking features
a: no special abilities


You were on level 3 of the Dungeon.
You were not hungry.

You visited 1 branch of the dungeon, and saw 3 of its levels.

You collected 85 gold pieces.

Inventory:

Hand Weapons
 e - a +0 dagger
 h - a +0 short sword of draining (weapon)
Armour
 a - a +0 robe (worn)
Jewellery
 d - a ring of positive energy (left hand)
 q - a ring of stealth (right hand)
Scrolls
 g - a scroll of identify {unknown}
 m - 3 scrolls of enchant armour {unknown}
Potions
 f - 4 potions of curing {unknown}
 i - a potion of brilliance {unknown}
 k - a potion of degeneration {unknown}
 l - a potion of lignification {unknown}
 o - a potion of might {unknown}
Books
 b - a book of Flames

   Spells                             Type                      Level
   a - Flame Tongue                   Conjuration/Fire             1
   b - Throw Flame                    Conjuration/Fire             2
   c - Conjure Flame                  Conjuration/Fire             3
   d - Inner Flame                    Hexes/Fire                   3
   e - Sticky Flame                   Conjuration/Fire             4
   f - Fireball                       Conjuration/Fire             5
 n - a book of Battle

   Spells                             Type                      Level
   a - Infusion                       Charms                       1
   b - Shroud of Golubria             Charms/Translocation         2
   c - Song of Slaying                Charms                       2
   d - Spectral Weapon                Hexes/Charms                 3
   e - Regeneration                   Charms/Necromancy            3
Comestibles
 c - a bread ration
 j - a beef jerky


   Skills:
 - Level 2.1 Dodging
 - Level 2.1 Stealth
 - Level 2.4 Spellcasting
 + Level 3.1 Conjurations
 + Level 4.2 Fire Magic


You had 4 spell levels left.
You knew the following spells:

 Your Spells              Type           Power        Failure   Level  Hunger
a - Flame Tongue          Conj/Fire      ###..        4%          1    #......
b - Throw Flame           Conj/Fire      ###...       8%          2    ##.....


Dungeon Overview and Level Annotations

Branches:
Dungeon (3/15)

Altars:
Yredelemnul
The Shining One


Message History

Aim: a phantom (heavily damaged)
The flame tongue hits the phantom!
The phantom is severely damaged!
The phantom hits you!!!
Casting: Flame Tongue
Confirm with ! or Enter, or press ? or * to list all spells!
Aiming: Flame Tongue
Press: ? - help, Shift-Dir - straight line, f/p - phantom
Aim: a phantom (severely damaged)
The flame tongue hits the phantom!
The phantom is severely damaged!
The phantom hits you but does no damage!
Casting: Flame Tongue
Confirm with ! or Enter, or press ? or * to list all spells!
You don't have enough magic to cast that spell!
No previous command to re-do!
You barely miss the phantom!
The phantom is severely damaged!
The phantom hits you!!! rip

### ... #..
#.# #.#
#####.#
...#.#
#.#'#########
#..@.........
#..W.########
#....# #.<..+
##...# #...#
#.....
##.#### #..


You could see a phantom.

Vanquished Creatures
  An adder (D:2)
  An ooze (D:1)
  3 worms (D:2)
  A dart slug (D:1)
  A giant gecko (D:2)
  5 giant cockroaches
  6 hobgoblins
  12 jackals
  7 bats
  5 goblins
  5 kobolds
  7 rats
54 creatures vanquished.

Vanquished Creatures (others)
  A rat (D:3)
1 creature vanquished.

Grand Total: 55 creatures vanquished

Notes
Turn   | Place    | Note
--------------------------------------------------------------
     0 | D:1      | uglyjohn the High Elf Fire Elementalist began the quest for the Orb.
     0 | D:1      | Reached XP level 1. HP: 11/11 MP: 4/4
   484 | D:1      | Reached XP level 2. HP: 6/17 MP: 0/6
   689 | D:1      | Learned a level 2 spell: Throw Flame
   907 | D:1      | Reached XP level 3. HP: 6/21 MP: 0/7
  1653 | D:2      | Found a faded altar of an unknown god.
  1784 | D:2      | Reached skill level 4 in Fire Magic
  2297 | D:2      | Reached XP level 4. HP: 27/27 MP: 4/8
  2456 | D:2      | Found a glowing golden altar of the Shining One.
  2494 | D:2      | Found a basalt altar of Yredelemnul.
  2496 | D:2      | Noticed a profane servitor
  2508 | D:2      | Noticed an angel
  2627 | D:3      | Noticed a phantom
  2641 | D:3      | Slain by a phantom

Vault maps used:
D:1:      minmay_arrival_solitary_statue, minmay_misc_feat_more_columns
D:2:      grunt_temple_overflow_holy_war, ecumenical_altar_2
D:3:      grunt_temple_overflow_order_and_chaos_1, first_bread

Skill      XL: |  1  2  3 |
---------------+----------+-----
Conjurations   | 2 3 |  3.1
Fire Magic     | 4 |  4.2
Dodging        | |  2.1
Stealth        | |  2.1
Spellcasting   | |  2.4

Action                   |  1- 3 |  4- 6 || total
-------------------------+-------+-------++-------
Melee: Dagger            |    28 |       ||    28
       Unarmed           |     1 |       ||     1
       Short sword       |    29 |     9 ||    38
 Cast: Flame Tongue      |    69 |    15 ||    84
  Use: Scroll            |     1 |       ||     1
  Eat: Chunk             |     5 |     1 ||     6
Armor: Robe              |    20 |     1 ||    21
Dodge: Dodged            |    83 |     3 ||    86
